 Dungeon Crawl Stone Soup version 0.19.5 (webtiles) character file.

67 equalderp2856 the Scratcher (level 3, 0/17 HPs)
             Began as a Felid Fighter on Mar 19, 2017.
             Slain by an orc
             ... wielding a +0 flail
              (9 damage)
             ... on level 3 of the Dungeon.
             The game lasted 00:06:38 (2342 turns).

equalderp2856 the Scratcher (Felid Fighter)         Turns: 2342, Time: 00:06:38

Health: 0/17       AC:  1    Str: 13    XL:     3   Next: 98%
Magic:  4/4        EV: 19    Int:  9    God:
Gold:   119        SH:  0    Dex: 15    Spells: 0 memorised, 2 levels left
                                        Lives:  0   Deaths: 0

rFire  . . .     SeeInvis +       - Unarmed
rCold  . . .     Gourm    .     (armour unavailable)
rNeg   . . .     Faith    .     (shield unavailable)
rPois  .         Spirit   .     (helmet unavailable)
rElec  .         Reflect  .     (cloak unavailable)
rCorr  .         Harm     .     (gloves unavailable)
MR     .....                    (boots unavailable)
Stlth  ++........               (no amulet)
                                (no ring)
                                (no ring)

@: quick
A: no armour, no weapons or thrown items, stealth, claws 1, fangs 3, see
invisible, carnivore 3, speed 1, shaggy fur 1, slow metabolism 1, sharp paws
a: no special abilities


You were on level 3 of the Dungeon.
You were very full.

You visited 1 branch of the dungeon, and saw 3 of its levels.

You collected 119 gold pieces.

Inventory:

Missiles
 m - 25 arrows
Scrolls
 c - 2 scrolls of recharging {unknown}
 d - a scroll of magic mapping {unknown}
 f - 2 scrolls of identify {unknown}
 h - a scroll of teleportation {unknown}
 k - 2 scrolls of amnesia {unknown}
 l - a scroll of enchant weapon {unknown}
Potions
 a - a potion of might
 e - a potion of curing {unknown}
 g - a potion of agility {unknown}
 i - a potion of brilliance {unknown}
 j - a potion of mutation {unknown}
Comestibles
 b - 3 meat rations


   Skills:
 + Level 3.2 Fighting
 + Level 4.3 Dodging
 + Level 1.3 Stealth
 + Level 5.1 Unarmed Combat


You had 2 spell levels left.
You didn't know any spells.

Dungeon Overview and Level Annotations

Branches:
Dungeon (3/15)

Altars:
Gozag
Okawaru


Innate Abilities, Weirdness & Mutations

You cannot wear armour.
You are incapable of wielding weapons or throwing items.
Your paws allow you to move quietly. (Stealth)
You have sharp claws.
You have razor-sharp teeth.
You have supernaturally acute eyesight. (SInv)
You are carnivorous and can eat meat at any time.
You cover ground quickly.
You are covered in fur. (AC +1)
You have a slow metabolism.
Your sharp claws are effective at attacking unaware monsters.


Message History

You claw the giant cockroach!
You kill the giant cockroach!
You see here a giant cockroach corpse.
You see here a giant cockroach corpse.
Found a royal jelly.
An orc comes into view.
It is wielding a trident. 2 orcs come into view.
The orc shouts! x2
An orc comes into view. It is wielding a flail.
An orc wizard comes into view. It is wielding a dagger.
The orc completely misses you.
You claw the orc!
You kill the orc!
The orc throws an exploding tomahawk.
The exploding tomahawk hits you.
The exploding tomahawk explodes!
The explosion of tomahawk fragments engulfs you!
The orc wizard shouts!
The orc hits you with a flail!
Ouch! That really hurt!
You die...

##>## #...#
######.8.######
##...##...##...##
#<.8..##.##..8.>#
##....##†##....#### .
#####.....#####..#
.o..########.8.........#
...o...oo@.............#
....#.%#####...........###
. ...#. #######..#.....
### .# #.......##### #.
#.#####.<# ## ##.# #.# #..
....


You could see an orc wizard and 2 orcs.

Vanquished Creatures
  An ooze (D:3)
  A worm (D:2)
  4 dart slugs
  A leopard gecko (D:1)
  An orc (D:3)
  3 giant cockroaches
  6 goblins
  8 hobgoblins
  4 jackals (D:1)
  A quokka (D:2)
  5 bats
  A frilled lizard (D:1)
  4 kobolds
  7 rats
47 creatures vanquished.

Notes
Turn   | Place    | Note
-------+----------+-------------------------------------------
     0 | D:1      | equalderp2856 the Felid Fighter began the quest for the Orb.
     0 | D:1      | Reached XP level 1. HP: 10/10 MP: 2/2
   179 | D:1      | Reached XP level 2. HP: 9/14 MP: 3/3
   453 | D:1      | Reached XP level 3. HP: 15/17 MP: 4/4
  1944 | D:2      | Found an opulent altar of Gozag.
  1974 | D:2      | Reached skill level 5 in Unarmed Combat
  2030 | D:2      | Found an iron altar of Okawaru.
  2295 | D:3      | Reached skill level 1 in Stealth
  2342 | D:3      | Slain by an orc

Skill      XL: |  1  2  3 |
---------------+----------+-----
Unarmed Combat | 5 |  5.1
Stealth        | 1 |  1.3
Fighting       | |  3.2
Dodging        | |  4.3

Action                   || total
-------------------------++-------
Melee: Unarmed           ||   127
       Punch             ||     2
       Bite              ||    10
 Stab: Sleeping          ||     4
  Eat: Chunk             ||     8
Armor: Skin              ||     8
Dodge: Dodged            ||    92
